 BcadrenCrawl: Boulder Brew version 0.04.11-24-g3c6305294f (webtiles) character file.

Game seed: 3482362302433798633, levelgen mode: deterministic

1119 diana the Skirmisher (level 8, 0/70 HPs) Green Draconian Demonspawn. Began on Apr 19, 2021. Slain by a scorpion (4 damage) ... on level 4 of the Dungeon. The game lasted 00:05:56 (3013 turns).

diana the Skirmisher (Green Draconian Demonspawn)   Turns: 3013, Time: 00:05:57

Health: 0/70       AC:  8    Str: 18    XL:     8 ^: 1199
Magic:  19/19      EV: 14    Int: 13    God:
Gold:   230        SH:  0    Dex: 11    Spells: 8/9 levels left

rFire    . . .     Vision   .   a - +0 war axe
rCold    . . .     Gourm    .   (no weapon)
rNeg     . . .     Faith    .   (armour unavailable)
rPois    +         Spirit   .   (helmet restricted)
rElec    .         Reflect  .   (no cloak)
rCorr    .         Harm     .   (no gloves)
MR       .....                  j - +0 pair of boots
Stlth    +.........             b - amulet of rage
HPRegen  0.33/turn              g - ring of magical power
MPRegen  0.29/turn              m - ring of wizardry

@: confused, about to teleport, marked
A: no body armour, unfitting armour, horns 1, demonic guardian 1, powered by
death 2, cold-blooded, poison enhancer 1, rPois, AC +7
a: Breathe Noxious Fumes, Evoke Berserk Rage


You were on level 4 of the Dungeon.
You were not hungry.

You visited 1 branch of the dungeon, and saw 4 of its levels.

You collected 230 gold pieces.

Inventory:

Weapons
 a - a +0 war axe (weapon) Shields
 n - a +1 heater shield of protection
Armour
 j - a +0 pair of boots (worn)
Jewellery
 b - an amulet of rage (around neck)
 g - a ring of magical power (left hand)
 m - a ring of wizardry (right hand)
Scrolls
 d - a scroll of magic mapping
 l - 2 scrolls of enchantment
Potions
 e - a potion of resistance
 h - 2 potions of might
 i - 4 potions of mutation
 p - 2 potions of brilliance
Comestibles
 c - 6 rations
 q - 3 chunks of flesh


   Skills:
 * Level 6.2 Fighting
 + Level 3.5 Axes & Hammers
 * Level 4.8 Dodging
 - Level 1.3 Stealth
 * Level 2.1 Shields
 - Level 1.3 Spellcasting
 - Level 1.5 Fire Magic
   Level 3.0 Invocations


You had 8 spell levels left.
You knew the following spells:

 Your Spells              Type           Power        Failure   Level  Hunger
a - Flame Tongue          Fire           4 (30)       6%          1    ##.....

Your spell library contained the following spells:

 Spells                   Type           Power        Failure   Level  Hunger
 Blink                    Tloc           N/A          16%         2    ###....
 Call Imp                 Summ           0 (100)      16%         2    ###....
 Slow                     Hex            0 (100)      16%         2    ###....
 Conjure Flame            Fire           4 (100)      17%         3    ####...
 Mephitic Cloud           Pois/Air       1 (100)      32%         3    ####...


Dungeon Overview and Level Annotations

Branches:
Dungeon (4/8)
 Temple: D:4

Altars:
Dithmenos
Makhleb
Trog
Yredelemnul

Shops:
D:3 :


Innate Abilities, Weirdness & Mutations

You cannot fit into any form of body armour.
Your lurid green scales are resilient. (AC +7)
You can breathe clouds of noxious fumes.
You have a pair of small horns on your head.
A weak demonic guardian rushes to your aid.
You regenerate health from kills.
You are cold-blooded and may be slowed by cold attacks.
You are in touch with the powers of venom.
Your lurid green scales grant you resistance to poison. (rPois)


Message History

The scorpion barely misses you (0).
The scorpion pinches you but does no damage.
The scorpion bites you but does no damage.
The scorpion stings you but does no damage.
The porcupine skeleton barely misses you (0).
You slash the scorpion (15)! You hit the scorpion (1).
The scorpion is lightly wounded. (17/18) HP You barely miss the scorpion.
The scorpion is heavily wounded. (10/20) HP You hit the scorpion (1).
You slash the porcupine skeleton (8)! You slash the scorpion (7)!
The scorpion blocks your attack.
You hit the scorpion but do no damage.
You tail-slap the scorpion, but do no damage.
The scorpion is severely wounded. (4/19) HP The scorpion pinches you (3).
* * * LOW HITPOINT WARNING * * *
The scorpion closely misses you (0).
The scorpion bites you but does no damage.
The scorpion stings you (4).
You die...

###+###
##§.§..##
##.§§....##
#..§§..ssZ#
+....⌠Zs@Z+
#......sss#
##§.....{##
##.....##
#.....#
#.....#
####.#####
#......§.
#.##.# ###


You could see 6 scorpions, a leopard gecko skeleton, a porcupine skeleton and a
bullfrog skeleton.

Vanquished Creatures
  A scorpion (D:4)
  2 porcupines
  An ogre (D:3)
  A crocodile (D:2)
  A big kobold (D:2)
  An orc priest (D:3)
  2 jellies (D:2)
  A gnoll shaman (D:3)
  2 worker ants
  6 giant cockroaches
  9 adders
  9 gnolls
  6 sewer rats (D:2)
  A white imp (D:3)
  12 cinder newts
  2 worms (D:2)
  An ooze (D:1)
  2 dart slugs
  2 leopard geckos
  6 orcs
  7 ball pythons
  6 goblins (D:1)
  4 hobgoblins (D:1)
  A jackal (D:4)
  14 bats
  A bat skeleton (D:2)
  A goblin skeleton (D:2)
  A jackal skeleton (D:3)
  7 kobolds
  A kobold skeleton (D:2)
  A leopard gecko skeleton (D:3)
  8 rats (D:1)
  A rat skeleton (D:2)
  A plant (D:1)
  10 withered plants
132 creatures vanquished.

Vanquished Creatures (collateral kills)
  A leopard gecko (D:2)
1 creature vanquished.

Vanquished Creatures (others)
  An adder (D:2)
  A goblin skeleton (D:2)
  A kobold (D:2)
  A leopard gecko skeleton (D:2)
  A bush (D:1)
  A plant (D:1)
  91 withered plants (D:2)
97 creatures vanquished.

Grand Total: 230 creatures vanquished

Notes
Turn   | Place    | Note
-------+----------+-------------------------------------------
     0 | D:1      | diana the Immature Draconian Demonspawn began the quest for
                  | the Orb.
     0 | D:1      | Reached XP level 1. HP: 16/16 MP: 3/3
     6 | D:1      | Gained mutation: You regenerate a little health from kills.
                  | [demonic ancestry]
     6 | D:1      | Reached XP level 2. HP: 24/24 MP: 4/4
     6 | D:1      | Reached skill level 2 in Fighting
    30 | D:1      | Reached XP level 3. HP: 29/29 MP: 5/5
   164 | D:1      | Gained mutation: You have a pair of small horns on your
                  | head. [demonic ancestry]
   164 | D:1      | Reached XP level 4. HP: 37/37 MP: 6/6
   314 | D:1      | Reached skill level 3 in Fighting
   790 | D:1      | Reached XP level 5. HP: 45/45 MP: 7/7
  1151 | D:2      | Reached skill level 4 in Fighting
  1375 | D:2      | Gained mutation: A weak demonic guardian rushes to your
                  | aid. [demonic ancestry]
  1375 | D:2      | Reached XP level 6. HP: 52/52 MP: 8/8
  1975 | D:2      | Reached skill level 5 in Fighting
  2020 | D:2      | Found a burning altar of Makhleb.
  2526 | D:3      | Found a basalt altar of Yredelemnul.
  2544 | D:3      | Your scales start taking on a lurid green colour.
  2544 | D:3      | Reached XP level 7. HP: 61/61 MP: 9/9
  2544 | D:3      | Gained mutation: Your lurid green scales grant you
                  | resistance to poison. (rPois) [Green Draconian growth]
  2544 | D:3      | Gained mutation: You are in touch with the powers of venom.
                  | [Green Draconian growth]
  2561 | D:3      | Found a shadowy altar of Dithmenos.
  2676 | D:3      | Reached skill level 1 in Shields
  2790 | D:3      | Found a bloodstained altar of Trog.
  2898 | D:3      | Found Cokueseg's Book Shop.
  2947 | D:4      | Reached skill level 6 in Fighting
  2954 | D:4      | Gained mutation: You regenerate health from kills. [demonic
                  | ancestry]
  2954 | D:4      | Reached XP level 8. HP: 61/70 MP: 10/10
  3011 | D:4      | HP: 3/70 [scorpion (2)]
  3013 | D:4      | Slain by a scorpion

Levels and vault maps discovered:
D:1:      sevenhm_arrival_forest_fort_small_4, layout_basic,
          kennysheep_generic_room_13
D:2:      layout_sewer, kennysheep_mini_moat, chequers_serial_rivers_micro_d
D:3:      layout_rooms, overflow_temple_1_default, yredelemnul_altar_generic,
          kennysheep_little_box, first_ration, serial_shops, shop_statue
D:4:      ossuary_crypta, layout_basic, nicolae_tso_carved_into_rock,
          minmay_temple_entry_large_hall, hangedman_fish_farm,
          chequers_serial_rivers_room_a, minivault_15, elyvilon_altar_3

Skill      XL: |  1  2  3  4  5  6  7  8 |
---------------+-------------------------+-----
Fighting       | 2 3 4 5 6 |  6.2
Axes & Hammers | 2 3 |  3.5
Dodging        | 3 4 |  4.8
Shields        | 1 2 |  2.1
Stealth        | |  1.3
Spellcasting   | |  1.3
Fire Magic     | |  1.5
Invocations    | |  3.0

Action                   |  1- 3 |  4- 6 |  7- 9 || total
-------------------------+-------+-------+-------++-------
Melee: War axe           |    15 |   165 |    50 ||   230
       Unarmed           |     3 |   105 |    27 ||   135
       Headbutt          |       |     9 |     5 ||    14
       Tailslap          |       |     5 |     7 ||    12
  Use: Potion            |       |       |     3 ||     3
       Scroll            |       |       |     1 ||     1
 Stab: Sleeping          |     2 |     4 |     1 ||     7
  Eat: Chunk             |       |     7 |     1 ||     8
Armor: Skin              |     3 |    59 |    46 ||   108
Dodge: Dodged            |    16 |   175 |   102 ||   293
